 Dungeon Crawl Stone Soup version 0.17.0-15-g6d90897 (webtiles) character file.

33 Yevrel the Grave Robber (level 3, -3/26 HPs)
             Began as a Ghoul Necromancer on Nov 10, 2015.
             Slain by a hobgoblin (5 damage)
             ... on level 2 of the Dungeon.
             The game lasted 00:10:54 (1097 turns).

Yevrel the Grave Robber (Ghoul Necromancer)         Turns: 1097, Time: 00:10:54

Health: -3/26      AC:  5    Str: 11    XL:     3   Next: 29%
Magic:  0/5        EV: 12    Int: 11    God:
Gold:   27         SH:  0    Dex:  9    Spells: 3 memorised, 1 level left

rFire  . . .     SeeInvis .     g - +0 hand axe
rCold  + . .     Clarity  .     a - +0 robe
rNeg   + + +     SustAt   .     (no shield)
rPois  ∞         Gourm    .     k - +2 helmet
rElec  .         Spirit   .     (no cloak)
rCorr  .         Warding  .     (no gloves)
rMut   .         Stasis   .     (no boots)
MR     .....                    (no amulet)
Stlth  ++........               (no ring)
                                l - ring of positive energy

@: very slightly contaminated, rotting, not resistant to hostile enchantments,
unstealthy
A: rotting body, claws 1, carnivore 3, cold resistance 1, negative energy
resistance 3, slow regeneration 1, torment resistance, unbreathing
a: no special abilities


You were on level 2 of the Dungeon.
You were not hungry.

You visited 1 branch of the dungeon, and saw 2 of its levels.

You collected 27 gold pieces.

Inventory:

Hand Weapons
 g - a +0 hand axe (weapon)
Armour
 a - a +0 robe (worn)
 k - a +2 helmet (worn)
Jewellery
 l - a ring of positive energy (left claw)
Scrolls
 f - a scroll of remove curse {unknown}
 j - 3 scrolls of identify {unknown}
Potions
 d - a potion of agility {unknown}
 e - a potion of curing {unknown}
 h - a potion of ambrosia {unknown}
Books
 b - a book of Necromancy

   Spells                             Type                      Level
   a - Pain                           Necromancy                   1
   b - Animate Skeleton               Necromancy                   1
   c - Vampiric Draining              Necromancy                   3
   d - Regeneration                   Charms/Necromancy            3
   e - Animate Dead                   Necromancy                   4
   f - Control Undead                 Necromancy                   4
Comestibles
 c - a meat ration
 i - 6 chunks of flesh


   Skills:
 - Level 0.2 Fighting
 + Level 0.1 Axes
 - Level 2.0 Dodging
 + Level 2.1 Stealth
 + Level 0.2 Unarmed Combat
 + Level 2.1 Spellcasting
 * Level 4.5 Necromancy


You had one spell level left.
You knew the following spells:

 Your Spells              Type           Power        Failure   Level  Hunger
a - Pain                  Necr           ##..         4%          1    ##.....
b - Animate Skeleton      Necr           N/A          4%          1    ##.....
c - Vampiric Draining     Necr           ##........   14%         3    ####...


Dungeon Overview and Level Annotations

Branches:
Dungeon (2/15)

Altars:
Okawaru


Innate Abilities, Weirdness & Mutations

Your body is rotting away.
You thrive on raw meat.
You are immune to poison.
You have sharp fingernails.
You are carnivorous and can eat meat at any time.
Your flesh is cold resistant.
You are immune to negative energy.
You regenerate slowly when monsters are visible.
You are immune to unholy pain and torment.
You can survive without breathing.


Message History

The gnoll barely misses you. The hobgoblin barely misses you.
The gnoll hits you.
You closely miss the hobgoblin.
The hobgoblin is heavily wounded.
You barely miss the gnoll.
The gnoll is lightly wounded.
The hobgoblin hits you.
* * * LOW HITPOINT WARNING * * *
The gnoll hits you but does no damage. The hobgoblin barely misses you.
Casting: Vampiric Draining
Confirm with . or Enter, or press ? or * to list all spells.
Aiming: Pain
Press: ? - help, Shift-Dir - straight line, f - hobgoblin
Aim: a hobgoblin (heavily wounded, chance to defeat MR: 90%)
You miscast Pain.
You are very lightly contaminated with residual magic.
Your bones ache.
The gnoll hits you.
* * * LOW HITPOINT WARNING * * *
The hobgoblin hits you.
You die...

####### ############.....#
####(K...K......###.# ####
##.((.#####.g....# #.### #...
..(..### #######.###...# #.#.
##(.(#.#.#.#####.....#.#######...
..(.(#≈≈≈≈≈≈##..Kg.........)....#
.###((.g.%.._###gg.............##
. ###g≈≈≈≈≈# #@##...........##
#.#.#.#.......##.####..## ## #
####.#####..# #.#.# #.# ##.#
#.##.# ... .# #.# #.# #.# .# #.#
#. #.# ...


You could see 2 gnolls, a hobgoblin and a kobold.

Vanquished Creatures
  A worm (D:2)
  A giant gecko (D:1)
  2 ball pythons (D:1)
  A bat (D:1)
  4 giant cockroaches
  2 goblins (D:1)
  5 hobgoblins
  A giant newt (D:1)
  6 jackals (D:1)
  3 rats (D:1)
26 creatures vanquished.

Notes
Turn   | Place    | Note
--------------------------------------------------------------
     0 | D:1      | Yevrel the Ghoul Necromancer began the quest for the Orb.
     0 | D:1      | Reached XP level 1. HP: 14/14 MP: 2/2
   334 | D:1      | Reached XP level 2. HP: 20/20 MP: 0/3
   341 | D:1      | Learned a level 1 spell: Animate Skeleton
   911 | D:1      | Reached XP level 3. HP: 26/26 MP: 3/5
   916 | D:1      | Learned a level 3 spell: Vampiric Draining
  1060 | D:2      | Found an iron altar of Okawaru.
  1097 | D:2      | Slain by a hobgoblin

Action                   || total
-------------------------++-------
Melee: Unarmed           ||    10
       Hand axe          ||    54
 Cast: Pain              ||    34
       Animate Skeleton  ||     3
       Vampiric Draining ||     2
  Eat: Chunk             ||    12
